 Dungeon Crawl Stone Soup version 0.29-a0-925-g0a7a3d12f8 (webtiles) character file.

Game seed: 7652510499021833552

9 IdlyInterested the Chopper (level 2, -1/22 HPs)
             Began as a Demonspawn Gladiator on July 28, 2022.
             Slain by a kobold
             ... wielding a +0 whip
              (4 damage)
             ... on level 1 of the Dungeon.
             The game lasted 00:00:47 (690 turns).

IdlyInterested the Chopper (Demonspawn Gladiator)    Turns: 690, Time: 00:00:47

Health: -1/22      AC:  6    Str: 14    XL:     2   Next: 6%
Magic:  2/2        EV: 11    Int:  9    God:
Gold:   26         SH:  0    Dex: 14    Spells: 1/1 levels left

rFire   . . .      SeeInvis .   a - +0 war axe
rCold   . . .      Faith    .   (no shield)
rNeg    . . .      Spirit   .   f - +0 ring mail
rPois   .          Reflect  .   c - +0 helmet
rElec   .          Harm     .   (no cloak)
rCorr   .          Rampage  .   (no gloves)
Will    .....                   (no boots)
Stlth   +.........              (no amulet)
HPRegen 0.07/turn               (no ring)
MPRegen 0.08/turn               (no ring)

@: no status effects
A: powered by death 1
a: no special abilities


You were on level 1 of the Dungeon.
You visited 1 branch of the dungeon, and saw 1 of its levels.

You collected 26 gold pieces.

Inventory:

Hand Weapons
 a - a +0 war axe (weapon)
Missiles
 b - 2 atropa-tipped darts
 d - 3 throwing nets (quivered)
 e - a javelin
Armour
 c - a +0 helmet (worn)
 f - a +0 ring mail (worn)
Potions
 g - 2 potions of attraction {unknown}


   Skills:
 - Level 2.0 Fighting
 * Level 3.1 Axes
 - Level 1.7 Throwing
 + Level 0.6 Armour
 - Level 2.6 Dodging


You had one spell level left.
You didn't know any spells.
Your spell library was empty.

Dungeon Overview and Level Annotations

Branches:
Dungeon (1/15)

Altars:


Innate Abilities, Weirdness & Mutations

You regenerate a little health from kills.


Message History

The goblin hits you with a +0 dagger.
You slash the goblin!
You kill the goblin!
The endoplasm barely misses you.
You slash the endoplasm!
You kill the endoplasm!
You have reached level 2!
Your demonic ancestry asserts itself...
A wave of death washes over you.
You start resting.
HP restored.
You see here a +0 dagger.
You start waiting.
Done waiting.
g - 2 inky potions
There is a shaft here.
A kobold comes into view.
It is wielding a +2 short sword of electrocution.
Things that are here:
15 gold pieces; a +0 ring mail You now have 26 gold pieces (gained 15).
A kobold comes into view. It is wielding a +0 whip.
The kobold shouts!
You hear a shout!
A kobold comes into view. It is wielding a +0 whip.
The kobold moves out of view.
You closely miss the kobold. The kobold barely misses you.
The kobold hits you with a +2 short sword of electrocution.
You hit the kobold.
The kobold is moderately wounded.
The kobold hits you with a +2 short sword of electrocution.
You are electrocuted!
Ouch! That really hurt!
* * * LOW HITPOINT WARNING * * *
You hit the kobold.
You kill the kobold!
You closely miss the kobold. The kobold closely misses you.
You closely miss the kobold. The kobold barely misses you.
The kobold hits you but does no damage.
You closely miss the kobold. You barely miss the kobold.
The kobold hits you but does no damage. The kobold hits you with a +0 whip.
You die...

##### #...# #.#.########
##..........#
#....######.###########
#.#### ####.##.........
#.# #....#..........
##.########.##[.@.......
.......# #..^.K)K.....#
#.##...# #####.........
.......... ..........
#........# ...........
.........# ..#.........
......#... ............#
#####..................#
# ...#


You could see 2 kobolds.

Vanquished Creatures
  4 endoplasms (D:1)
  2 bats (D:1)
  A frilled lizard (D:1)
  A goblin (D:1)
  A kobold (D:1)
9 creatures vanquished.

Notes
Turn   | Place    | Note
-------+----------+-------------------------------------------
     0 | D:1      | IdlyInterested the Demonspawn Gladiator began the quest for
                  | the Orb.
     0 | D:1      | Reached XP level 1. HP: 16/16 MP: 1/1
   321 | D:1      | Reached skill level 3 in Axes
   506 | D:1      | Gained mutation: You regenerate a little health from kills.
                  | [demonic ancestry]
   506 | D:1      | Reached XP level 2. HP: 18/22 MP: 2/2
   690 | D:1      | Slain by a kobold

Illustrated notes

Levels and vault maps discovered:
D:1:      tarquinn_simple_flora_water_e, layout_basic,
          ebering_ecumenical_altar_rust, st_stairs_10

Skill      XL: |  1 |
---------------+----+-----
Axes           | 3 |  3.1
Fighting       | |  2.0
Throwing       | |  1.7
Armour         | |  0.6
Dodging        | |  2.6

Action                   || total
-------------------------++-------
Melee: War axe           ||    18
       Punch             ||     1
Armor: Ring mail         ||     6
Dodge: Dodged            ||    13

Table legend: (Time is in decaauts)
 A = Elapsed time spent in this place.
 B = Non-inter-level travel time spent in this place.
 C = Inter-level travel time spent in this place.
 D = Time resting spent in this place.
 E = Time spent auto-exploring this place.
 F = Levels seen in this place.
 G = Mean time per level.
                   A        B        C        D        E       F      G
               +--------+--------+--------+--------+--------+-----+--------+
         Total |    696 |    696 |      0 |    552 |     77 |   1 |  696.0 |
       Dungeon |    696 |    696 |      0 |    552 |     77 |   1 |  696.0 |
               +--------+--------+--------+--------+--------+-----+--------+

Top non-repeatable levels by time:
     D:1: 696 daAuts
